 Dungeon Crawl Stone Soup version 0.25-a0-280-gfa4545f (webtiles) character file.

Game seed: 2506380939501865020, levelgen mode: deterministic

93 silenth the Ruffian (level 4, -8/33 HPs)
             Began as an Octopode Fighter on Dec 10, 2019.
             Mangled by an ogre
             ... wielding a +0 giant spiked club
              (21 damage)
             ... on level 3 of the Dungeon.
             The game lasted 00:03:08 (1925 turns).

silenth the Ruffian (Octopode Fighter)              Turns: 1925, Time: 00:03:08

Health: -8/33      AC:  1    Str: 15    XL:     4   Next: 61%
Magic:  4/4        EV: 14    Int: 11    God:
Gold:   135        SH:  9    Dex: 11    Spells: 3/3 levels left

rFire    . . .     SeeInvis .     - Unarmed
rCold    + . .     Gourm    .   a - +1 shield
rNeg     . . .     Faith    .   (helmet restricted)
rPois    .         Spirit   .   (no amulet)
rElec    .         Reflect  .   (no ring)
rCorr    +         Harm     .   c - +3 ring of evasion
MR       .....                  h - ring of protection from cold
Stlth    +++.......             q - ring of resist corrosion
HPRegen  0.11/turn              (no ring)
MPRegen  0.09/turn              (no ring)
                                (no ring)
                                (no ring)

@: no status effects
A: almost no armour, stealthy swim, amphibious, 8 rings, constrict 8, camouflage
1, gelatinous body 1
a: no special abilities


You were on level 3 of the Dungeon.
You were not hungry.

You visited 1 branch of the dungeon, and saw 3 of its levels.

You collected 135 gold pieces.

Inventory:

Hand Weapons
 l - a +1 dagger of speed
Missiles
 k - 4 atropa-tipped darts (quivered)
Armour
 a - a +1 shield (worn)
Jewellery
 c - a +3 ring of evasion (right tentacle)
 h - a ring of protection from cold (on tentacle)
 q - a ring of resist corrosion (on tentacle)
Potions
 b - 2 potions of might
 f - a potion of brilliance {unknown}
 g - a potion of cancellation
 j - a potion of agility {unknown}
 p - a potion of curing {unknown}
Comestibles
 e - 4 rations
 n - 2 chunks of flesh


   Skills:
 + Level 3.7 Fighting
 - Level 3.0 Dodging
 + Level 1.7 Stealth
 - Level 3.0 Shields
 * Level 3.8 Unarmed Combat


You had 3 spell levels left.
You didn't know any spells.
Your spell library was empty.

Dungeon Overview and Level Annotations

Branches:
Dungeon (3/15)

Altars:
Dithmenos


Innate Abilities, Weirdness & Mutations

You cannot wear most types of armour.
You are very stealthy in the water. (Stealth+)
You are amphibious.
You can wear up to eight rings at the same time.
You can use your tentacles to constrict eight enemies at once.
Your skin changes colour to match your surroundings (Stealth+).
Your rubbery body absorbs attacks. (AC +1, EV +1)


Message History

The ogre is no longer blind.
You tentacle-slap the ogre.
The ogre is moderately wounded.
The ogre hits you with a +0 giant spiked club!!
Ouch! That really hurt!
You are too injured to fight recklessly!
Throwing (i - inventory)
k - 5 atropa-tipped darts (quivered)
Press: ? - help, Shift-Dir - straight line, f/p - ogre
Aim: an ogre, wielding a +0 giant spiked club (moderately wounded, chance to blind on hit: 41%)
You throw an atropa-tipped dart. The atropa-tipped dart hits the ogre.
The ogre appears confused.
The ogre is moderately wounded.
You barely miss the ogre.
The ogre is moderately wounded.
The ogre seems less confused.
You block the ogre's attack.
You tentacle-slap the ogre. You squeeze the ogre!
The ogre is severely wounded.
The ogre hits you with a +0 giant spiked club!!
Ouch! That really hurt!
You die...

*,,***,*,*,***>*****
*,,***,*,,,,,,,*
*,,,,,,,,#.*****
*********#.* ####*****#.*
# ### #..,,,,,*#.# #
##.###.#***#,*#.# #### #
##.#.##.#####.*#.######...
#
#.#......@O(#.##....†.....
#
##...##.###.......#####...
#####.###.# ###......#
##.# #†........# #.#...##
#.#
#####.###.###.#***#,##.##
#.# ##...#.# #.#
#..,,,,,*#.# #.# .....#.#
#.# #.#******#.# #..
##...#.# #.# #.# ##'## ###
##.##.# #.# #.# ##...##


You could see an ogre (blind).

Vanquished Creatures
  A worker ant (D:3)
  2 adders (D:3)
  A worm (D:2)
  A dart slug (D:3)
  A giant cockroach (D:2)
  5 goblins
  7 hobgoblins
  3 jackals (D:1)
  4 kobolds
  2 quokkas
  A ball python (D:1)
  8 bats
  5 frilled lizards
  4 rats
45 creatures vanquished.

Notes
Turn   | Place    | Note
-------+----------+-------------------------------------------
     0 | D:1      | silenth the Octopode Fighter began the quest for the Orb.
     0 | D:1      | Reached XP level 1. HP: 16/16 MP: 1/1
   166 | D:1      | Reached XP level 2. HP: 21/21 MP: 2/2
   568 | D:1      | Reached skill level 3 in Unarmed Combat
   568 | D:1      | Reached XP level 3. HP: 22/26 MP: 3/3
  1153 | D:2      | Found a shadowy altar of Dithmenos.
  1700 | D:3      | Reached skill level 1 in Stealth
  1712 | D:3      | Reached XP level 4. HP: 23/32 MP: 4/4
  1915 | D:3      | Noticed an ogre
  1925 | D:3      | Mangled by an ogre

Levels and vault maps discovered:
D:1:      dpeg_arrival_subterranean_lakeside_camping, layout_rooms,
          minmay_misc_feat_x
D:2:      layout_basic, grunt_dithmenos_smoke
D:3:      layout_loops_corners, first_ration

Skill      XL: |  1  2  3 |
---------------+----------+-----
Unarmed Combat | 3 |  3.8
Stealth        | 1 |  1.7
Fighting       | |  3.7
Dodging        | |  3.0
Shields        | |  3.0

Action                   |  1- 3 |  4- 6 || total
-------------------------+-------+-------++-------
Melee: Unarmed           |    94 |    15 ||   109
       Constrict         |    28 |     4 ||    32
       Tentacles         |    15 |     3 ||    18
       Punch             |     1 |     1 ||     2
Throw: Dart              |     1 |     2 ||     3
  Use: Scroll            |     1 |     3 ||     4
 Stab: Sleeping          |    11 |     2 ||    13
  Eat: Chunk             |     2 |     1 ||     3
Armor: Skin              |     4 |       ||     4
Dodge: Dodged            |    30 |     6 ||    36
Block: Shield            |    31 |     3 ||    34

Table legend:
 A = Non-vault XP
 B = Vault XP
 C = Vault XP percentage of total XP
 D = Non-vault monster count
 E = Vault monster count
 F = Vault count percentage of total count
                 A         B        C        D         E       F
            +---------+---------+-------+---------+---------+-------
      Total |     123 |      10 |   7.5 |      39 |       6 |  13.3
            +---------+---------+-------+---------+---------+-------
        D:1 |      28 |      10 |  26.3 |      18 |       6 |  25.0
        D:2 |      24 |       0 |   0.0 |      13 |       0 |   0.0
        D:3 |      71 |       0 |   0.0 |       8 |       0 |   0.0
            +---------+---------+-------+---------+---------+-------
